 Dungeon Crawl Stone Soup version 0.29.1-1-gd02db6906a (webtiles) character file.

Game seed: 5719803866300542114

156 Peloso the Covered (level 5, -8/41 (47) HPs)
             Began as a Minotaur Fighter on Sept 16, 2022.
             Mangled by a wight
             ... wielding a +0 battleaxe
              (13 damage)
             ... on level 3 of the Dungeon.
             The game lasted 00:05:10 (3250 turns).

Peloso the Covered (Minotaur Fighter)               Turns: 3250, Time: 00:05:11

HP:   -8/41 (47)    AC:  7    Str: 20    XL:     5   Next: 15%
MP:   4/4           EV:  9    Int:  5    God:
Gold: 219           SH:  6    Dex: 12    Spells: 4/4 levels left

rFire   . . .      SeeInvis .   a - +0 long sword
rCold   . . .      Faith    .   c - +1 buckler
rNeg    . . .      Spirit   .   b - +0 scale mail
rPois   .          Reflect  .   (helmet restricted)
rElec   .          Harm     .   (no cloak)
rCorr   .          Rampage  .   (no gloves)
Will    .....                   (no boots)
Stlth   ..........              (no amulet)
HPRegen 0.13/turn               (no ring)
MPRegen 0.09/turn               (no ring)

@: heavily drained
A: horns 2, retaliatory headbutt
a: no special abilities


You were on level 3 of the Dungeon.
You visited 1 branch of the dungeon, and saw 3 of its levels.

You collected 219 gold pieces.

Inventory:

Hand Weapons
 a - a +0 long sword (weapon)
Armour
 b - a +0 scale mail (worn)
 c - a +1 buckler (worn)
Wands
 j - a wand of polymorph (9)
 l - a wand of flame (10)
Scrolls
 e - a scroll of amnesia {unknown}
 f - a scroll of silence
 g - a scroll of fear {unknown}
 h - a scroll of fog {unknown}
 i - a scroll of identify
 k - a scroll of vulnerability {unknown}
Potions
 d - a potion of might
 m - a potion of mutation {unknown}


   Skills:
 + Level 4.6 Fighting
 + Level 3.9 Long Blades
 + Level 4.7 Armour
 + Level 1.0 Dodging
 + Level 4.2 Shields
 + Level 0.9 Unarmed Combat


You had 4 spell levels left.
You didn't know any spells.
Your spell library was empty.

Dungeon Overview and Level Annotations

Branches:
Dungeon (3/15)

Altars:
Dithmenos
Nemelex Xobeh
Vehumet


Innate Abilities, Weirdness & Mutations

You have a pair of horns on your head.
You reflexively headbutt those who attack you in melee.


Message History

The orc closely misses you.
You barely miss the orc.
The orc is heavily wounded.
You block the orc's attack. The orc hits you but does no damage.
You hit the orc.
You kill the orc!
Things that are here:
a +0 trident; an orc corpse
Things that are here:
a +0 trident; an orc corpse
Items here: )))) [[[[ ††.
Okay, then.
Found a stone staircase leading down.
There is a stone staircase leading down here.
Found a stone staircase leading up.
A wight comes into view. It is wielding a +0 battleaxe.
A wight comes into view. It is wielding a +0 short sword.
A wight comes into view.
It is wielding a +3 battleaxe and carrying a wand of roots (4).
The wight zaps a wand.
The roots erupt in riotous growth!
The grasping roots grab you! The grasping roots constrict you.
You escape the roots grasp.
There is a stone staircase leading up here.
There are monsters nearby!
The wight attacks as you move away! The wight hits you with a +0 battleaxe!
You feel drained.
You barely miss the wight. The wight hits you with a +0 battleaxe.
You feel drained.
You hit the wight but do no damage. The wight hits you with a +0 battleaxe.
You feel drained.
You hit the wight.
The wight is moderately damaged.
The wight hits you with a +0 battleaxe!
* * * LOW HITPOINT WARNING * * *
You feel drained.
* * * LOW HITPOINT WARNING * * *
You completely miss the wight. You headbutt the wight.
The wight is heavily damaged.
The wight hits you with a +0 battleaxe!
You die...

.#.#####.## .......#####+###
.#.####...##........##.....##
.......###.#........#.......#
.......# #....).....#.......#
#..###.###.#........'..._...+
#..# #....###.....###.......#
#..# #.#.........# #.......#
#..# #.###############.....##
...###.###...zzz@...####'###
#.#.#...##.########.# #.#
.###....z..# #.####†##
..#.#.z.#### #.#.....#
.#.....## #.#.##### ...#####
#.#g# #.## #.#.# #.#
#.#.##### #.# #.......#


You could see 3 wights.

Vanquished Creatures
  Jessica (D:3)
  Ijyb (D:3)
  4 adders
  A worm (D:2)
  2 dart slugs
  6 orcs (D:3)
  2 bats
  3 endoplasms
  3 giant cockroaches
  5 goblins
  3 hobgoblins
  2 jackals (D:3)
  4 kobolds
  4 quokkas
  10 ball pythons
  2 frilled lizards
  4 rats
57 creatures vanquished.

Vanquished Creatures (others)
  10 plants (D:3)
  14 withered plants (D:3)
24 creatures vanquished.

Grand Total: 81 creatures vanquished

Notes
Turn   | Place    | Note
-------+----------+-------------------------------------------
     0 | D:1      | Peloso the Minotaur Fighter began the quest for the Orb.
     0 | D:1      | Reached XP level 1. HP: 19/19 MP: 0/0
   289 | D:1      | Reached XP level 2. HP: 23/27 MP: 1/1
  1395 | D:2      | Reached XP level 3. HP: 33/33 MP: 2/2
  1470 | D:2      | Found a sparkling altar of Nemelex Xobeh.
  1860 | D:3      | Found a radiant altar of Vehumet.
  1870 | D:3      | Noticed Ijyb
  2349 | D:3      | Killed Ijyb
  2350 | D:3      | Reached XP level 4. HP: 41/41 MP: 3/3
  2495 | D:3      | Found a faded altar of an unknown god.
  2586 | D:3      | Noticed Jessica
  2601 | D:3      | Killed Jessica
  2602 | D:3      | Reached skill level 1 in Dodging
  2990 | D:3      | Found a shadowy altar of Dithmenos.
  3076 | D:3      | Reached XP level 5. HP: 47/47 MP: 4/4
  3250 | D:3      | Mangled by a wight

Illustrated notes

Levels and vault maps discovered:
D:1:      nzn_arrival_water_spiral, layout_basic, minmay_pentomino_p4
D:2:      layout_loops_ring, basic_altar
D:3:      layout_loops_ring, nicolae_vehumet_altar_sigil,
          nicolae_dithmenos_shadow_blocks, mainiacjoe_overflow_alcove_4,
          shapermc_ecumenical_altar_flowoftime, minmay_fountain_box,
          grunt_decor_arrowhead, grunt_ministairs_9, st_stairs_14,
          kennysheep_generic_room_12, uniq_jessica, uniq_ijyb

Skill      XL: |  1  2  3  4 |
---------------+-------------+-----
Fighting       | 4 |  4.6
Armour         | 4 |  4.7
Shields        | 4 |  4.2
Long Blades    | 3 |  3.9
Dodging        | 1 |  1.0
Unarmed Combat | |  0.9

Action                   |  1- 3 |  4- 6 || total
-------------------------+-------+-------++-------
Melee: Long sword        |    97 |    63 ||   160
       Headbutt          |     7 |    10 ||    17
       Unarmed           |    20 |       ||    20
  Use: Scroll            |     5 |       ||     5
       Potion            |     3 |       ||     3
Armor: Scale mail        |    34 |    38 ||    72
       Skin              |    15 |       ||    15
Dodge: Dodged            |    49 |    24 ||    73
Block: Buckler           |    29 |    24 ||    53
